 Seeded DCSS version 0.30.1-4-g462c640d31 (webtiles) character file.

Game seed: 16653573533833982129 (custom seed)

12 Psyclone the Stinger (level 2, 10/17 HPs)
             Began as an Octopode Venom Mage on Sept 18, 2023.
             Quit the game on level 1 of the Dungeon.
             The game lasted 00:01:22 (255 turns).

Psyclone the Stinger (Octopode Venom Mage)           Turns: 255, Time: 00:01:22

Health: 10/17      AC:  1    Str:  7    XL:     2   Next: 33%
Magic:  5/5        EV: 13    Int: 17    God:
Gold:   7          SH:  0    Dex: 12    Spells: 2/5 levels left

rFire   . . .        d - +0 mace
rCold   . . .        (no shield)
rNeg    . . .        (helmet restricted)
rPois   .            (no amulet)
rElec   .            (no ring)
rCorr   .            (no ring)
SInv    .            (no ring)
Will    .....        (no ring)
Stlth   +++          (no ring)
HPRegen 0.22/turn    (no ring)
MPRegen 0.09/turn    (no ring)
                     (no ring)

%: no passive effects
@: no status effects
A: almost no armour, amphibious, 8 rings, camouflage 1, gelatinous body 1,
(nimble swimmer 1), tentacles
a: no special abilities


You were on level 1 of the Dungeon.
You visited 1 branch of the dungeon, and saw 1 of its levels.

You collected 7 gold pieces.

Inventory:

Hand Weapons
 d - a +0 mace (weapon)
Scrolls
 b - a scroll of butterflies {unknown}
 g - a scroll of acquirement
Potions
 a - a potion of magic
 c - a potion of ambrosia {unknown}
 e - a potion of attraction {unknown}
 f - a potion of might {unknown}


   Skills:
 - Level 2.0 Dodging
 - Level 2.6 Stealth
 - Level 2.0 Spellcasting
 - Level 1.0 Transmutations
 + Level 4.5 Poison Magic


You had 2 spell levels left.
You knew the following spells:

 Your Spells              Type           Power      Damage    Failure   Level
a - Poisonous Vapours     Pois/Air       18%        N/A       12%         2
v - Sting                 Tmut/Pois      44%        1d5       6%          1

Your spell library contained the following spells:

 Spells                   Type           Power      Damage    Failure   Level
 Mephitic Cloud           Conj/Pois/Air  6%         N/A       30%         3
 Olgreb's Toxic Radiance  Pois           17%        N/A       30%         4


Dungeon Overview and Level Annotations

Branches:
Dungeon (1/15) Zot: 5738

Altars:


Innate Abilities, Weirdness & Mutations

You cannot wear most types of armour.
You are amphibious.
You can wear up to eight rings at the same time.
Your skin changes colour to match your surroundings (Stealth+).
Your rubbery body absorbs attacks. (AC +1, EV +1)
((You are camouflaged when in or above water. (Stealth+)))
You have tentacles for arms and can constrict up to eight enemies at once.


Message History

The rat bites you.
You take 3 damage, and have 12/17 hp.
The rat barely misses you. The rat completely misses you.
You hit the rat.
You kill the rat!
A quokka comes into view.
The helpless quokka fails to defend itself.
You hit the quokka. You grab the quokka.
The quokka is lightly wounded.
You constrict the quokka. The quokka barely misses you. x2
You hit the quokka.
You kill the quokka!
You see here a quokka corpse.
Found 6 stones.
Health restored: 17
Found 16 gold pieces.
Found a stone staircase leading down.
Found a brown potion.
An endoplasm comes into view.
The endoplasm quivers.
You hit the endoplasm but do no damage. The endoplasm hits you.
The endoplasm freezes you.
You are frozen.
You take 8 damage, and have 9/17 hp.
MASSIVE DAMAGE!!
You hit the endoplasm.
The endoplasm is heavily wounded.
The endoplasm freezes you.
You are frozen.
You barely miss the endoplasm.
The endoplasm is heavily wounded.
The endoplasm hits you.
You take 2 damage, and have 7/17 hp.
You hit the endoplasm.
You kill the endoplasm!
f - a brown potion
Found a scroll labelled MENONA FYMA.
g - a scroll labelled MENONA FYMA This is a scroll of acquirement!
Are you sure you want to abandon this character and quit the game? (Confirm with "yes".)

###########
#.....@...#
####.#######.#
########...........
............#######
####...#.#...#
..............#
####...#......#
##.##.#..#.#
#.##....#.#


There were no monsters in sight!

Vanquished Creatures
  A ball python (D:1)
  An endoplasm (D:1)
  A hobgoblin (D:1)
  4 jackals (D:1)
  A quokka (D:1)
  2 rats (D:1)
10 creatures vanquished.

Notes
Turn   | Place    | Note
-------+----------+-------------------------------------------
     0 | D:1      | Psyclone the Octopode Venom Mage began the quest for the
                  | Orb.
     0 | D:1      | Reached XP level 1. HP: 11/11 MP: 3/3
    75 | D:1      | Reached skill level 4 in Poison Magic
   138 | D:1      | Reached XP level 2. HP: 13/17 MP: 5/5
   142 | D:1      | Learned a level 2 spell: Poisonous Vapours
   255 | D:1      | Identified a scroll of acquirement
   255 | D:1      | Quit the game

Illustrated notes

Levels and vault maps discovered:
D:1:      dpeg_arrival_tiny_k, layout_loops_ring, minmay_hexomino_c4

Skill      XL: |  1 |
---------------+----+-----
Poison Magic   | 4 |  4.5
Dodging        | |  2.0
Stealth        | |  2.6
Spellcasting   | |  2.0
Transmutations | |  1.0

Action                     || total
---------------------------++-------
  Melee: Mace              ||    17
         Unarmed           ||     2
         Tentacles         ||     2
         Constrict         ||     3
         Punch             ||     1
   Cast: Sting             ||     3
   Stab: Sleeping          ||     2
 Armour: Skin              ||     1
  Dodge: Dodged            ||    18
